 Dungeon Crawl Stone Soup version 0.21-a0-84-g85d6d27 (webtiles) character file.

14740 nikopol the Thaumaturge (level 11, -3/56 HPs)
             Began as a Deep Elf Fire Elementalist on June 24, 2017.
             Was an Elder of Vehumet.
             Slain by a blink frog (19 damage)
             ... on level 1 of the Lair of Beasts.
             The game lasted 01:03:40 (16603 turns).

nikopol the Thaumaturge (DEFE)                     Turns: 16603, Time: 01:03:42

Health: -3/56      AC:  4    Str:  5    XL:     11   Next: 92%
Magic:  16/31      EV: 15    Int: 24    God:    Vehumet [****..]
Gold:   468        SH:  0    Dex: 15    Spells: 25/39 levels left

rFire    . . .     SeeInvis +   N - +2 dagger (protect)
rCold    . . .     Gourm    .   (no shield)
rNeg     . . .     Faith    .   a - +0 robe
rPois    .         Spirit   .   (no helmet)
rElec    .         Reflect  .   (no cloak)
rCorr    .         Harm     .   i - +0 pair of gloves
MR       +....                  z - +0 pair of boots
Stlth    +++.......             (no amulet)
HPRegen  0.18/turn              o - ring of see invisible
MPRegen  0.22/turn              x - ring of wizardry

@: no status effects
A: no striking features
a: Renounce Religion


You were on level 1 of the Lair of Beasts.
You worshipped Vehumet.
Vehumet was greatly pleased with you.
You were not hungry.

You visited 3 branches of the dungeon, and saw 11 of its levels.

You collected 468 gold pieces.

Inventory:

Hand Weapons
 N - a +2 dagger of protection (weapon)
Missiles
 h - 3 throwing nets (quivered)
 k - 6 curare-tipped needles
Armour
 a - a +0 robe (worn)
 i - a +0 pair of gloves (worn)
 z - a +0 pair of boots (worn)
Jewellery
 o - a ring of see invisible (left hand)
 x - a ring of wizardry (right hand)
Wands
 e - a wand of flame (26/48)
 l - a wand of random effects (40/48)
 r - a wand of confusion (15/48)
 y - a wand of flame (19/48)
 H - a wand of flame (29/48)
 K - a wand of acid (4/15)
 P - a wand of iceblast (10/15)
 R - a wand of acid (10/15)
Scrolls
 f - a scroll of immolation {unknown}
 j - 5 scrolls of teleportation
 m - a scroll of random uselessness {unknown}
 n - 7 scrolls of remove curse
 p - 2 scrolls of amnesia {unknown}
 q - a scroll of blinking {unknown}
 s - a scroll of fear {unknown}
 v - 5 scrolls of magic mapping {unknown}
 w - 3 scrolls of identify
 A - 2 scrolls of noise {unknown}
 B - a scroll of recharging {unknown}
 J - a scroll of enchant weapon {unknown}
 O - a scroll of fog {unknown}
Potions
 d - a potion of curing {unknown}
 t - 3 potions of invisibility
 u - a potion of haste
 C - a potion of flight {unknown}
 D - a potion of berserk rage {unknown}
 E - a potion of magic {unknown}
 G - 4 potions of lignification
 I - 3 potions of degeneration {unknown}
 M - a potion of might {unknown}
Books
 b - a book of Flames

   Spells                             Type                      Level
   a - Flame Tongue                   Conjuration/Fire             1
   b - Throw Flame                    Conjuration/Fire             2
   c - Conjure Flame                  Conjuration/Fire             3
   d - Inner Flame                    Hexes/Fire                   3
   e - Sticky Flame                   Conjuration/Fire             4
   f - Fireball                       Conjuration/Fire             5
 F - a book of Cantrips

   Spells                             Type                      Level
   a - Confusing Touch                Hexes                        1
   b - Animate Skeleton               Necromancy                   1
   c - Summon Small Mammal            Summoning                    1
   d - Apportation                    Translocation                1
Comestibles
 c - 6 bread rations
 g - 8 meat rations
 L - 27 fruits
 Q - 9 chunks of flesh


   Skills:
 + Level 1.4 Fighting
 + Level 5.8 Dodging
 + Level 5.2 Stealth
 + Level 14.8 Spellcasting
 + Level 10.6 Conjurations
 + Level 11.7 Fire Magic
 + Level 1.3 Ice Magic


You had 25 spell levels left.
You knew the following spells:

 Your Spells              Type           Power        Failure   Level  Hunger
a - Flame Tongue          Conj/Fire      #####        1%          1    None
b - Throw Flame           Conj/Fire      ######       1%          2    None
c - Conjure Flame         Conj/Fire      ######..     1%          3    None
d - Fireball              Conj/Fire      ######....   1%          5    ##.....
e - Freeze                Ice            ###.         1%          1    None
f - Throw Frost           Conj/Ice       #####.       1%          2    None


Dungeon Overview and Level Annotations

Branches:
Dungeon (9/15)             Temple (1/1) D:4            Lair (1/6) D:9
    Orc (0/2) D:9

Altars:
Cheibriados
Elyvilon
Fedhas
Gozag
Hepliaklqana
Makhleb
Okawaru
Qazlal
Trog
Uskayaw
Vehumet
Wu Jian
Xom
Yredelemnul
The Shining One

Shops:
D:4 *


Message History

Confirm with . or Enter, or press ? or * to list all spells.
Aiming: Flame Tongue
Press: ? - help, Shift-Dir - straight line, f - blink frog
Aim: a blink frog The flame tongue misses the blink frog.
The flame tongue hits the blink frog.
The blink frog is lightly wounded.
The blink frog blinks!
Casting: Flame Tongue
Confirm with . or Enter, or press ? or * to list all spells.
Aiming: Flame Tongue
Press: ? - help, Shift-Dir - straight line, f/p - blink frog
Aim: a blink frog The flame tongue hits the blink frog.
The blink frog is moderately wounded.
The blink frog hits you but does no damage.
The blink frog blinks! x2
The blink frog blinks!
The blink frog blinks!
The blink frog hits you!!
You die...

.............................
.#.#..............P##..#.####
...†...).....................
.#.#.##.§#####.##.###.###....
.............................
####.#..##.##..#.#..#.#####.#
.....F.....F.................
........###F.........#.###.##
............@....... ........
#####...####.####### #.######
#####..†###...########..#####
.......†.....................
#.###.####.###.##........####
..........................
#.##.#.##.##...............
............................
#P. ###..#.##.###.........##.


You could see 2 blink frogs.

Vanquished Creatures
  A hydra (Lair:1)
  2 two-headed ogres
  An oklob plant (Lair:1)
  A cyclops (D:9)
  4 spiny frogs (Lair:1)
  A komodo dragon (D:9)
  The ghost of Qrupt the Stinger, a novice OpVM (D:5)
  Grinder (D:3)
  2 blink frogs (Lair:1)
  Prince Ribbit (Lair:1)
  2 hippogriffs
  Sigmund (D:3)
  19 yaks
  2 hungry ghosts (D:7)
  2 water moccasins
  Duvessa (D:7)
  A porcupine (Lair:1)
  3 orc warriors (D:9)
  2 sky beasts (D:5)
  6 ice beasts
  A black bear (D:7)
  A phantom (D:9)
  5 ogres
  6 centaurs
  A crocodile (Lair:1)
  2 big kobolds (D:8)
  7 bullfrogs
  Dowan (D:7)
  5 scorpions
  15 killer bees
  5 wights
  5 electric eels
  2 howler monkeys (D:7)
  4 crimson imps
  4 jellies
  A quasit (D:7)
  8 hounds
  5 orc priests
  A centaur skeleton (D:7)
  6 iguanas
  9 orc wizards
  4 worker ants
  A killer bee zombie (D:9)
  A hound zombie (D:8)
  A howler monkey zombie (D:5)
  A hound skeleton (D:6)
  5 gnolls
  A howler monkey skeleton (D:5)
  13 adders
  2 shadow imps
  2 adder zombies (D:8)
  2 adder skeletons
  3 worms
  3 dart slugs
  4 leopard geckos
  40 orcs
  5 bats
  9 giant cockroaches
  12 hobgoblins
  12 jackals
  15 kobolds
  6 quokkas
  A ball python (D:3)
  2 frilled lizards
  9 goblins
  2 leopard gecko skeletons
  A leopard gecko zombie (D:5)
  6 rats (D:1)
  8 bushes (Lair:1)
319 creatures vanquished.

Vanquished Creatures (others)
  A bush (Lair:1)
  2 fungi (Lair:1)
  13 plants
16 creatures vanquished.

Grand Total: 335 creatures vanquished

Notes
Turn   | Place    | Note
-------+----------+-------------------------------------------
     0 | D:1      | nikopol the Deep Elf Fire Elementalist began the quest for the Orb.
     0 | D:1      | Reached XP level 1. HP: 10/10 MP: 6/6
   190 | D:1      | Reached XP level 2. HP: 15/15 MP: 4/8
   194 | D:1      | Learned a level 2 spell: Throw Flame
   514 | D:1      | Reached XP level 3. HP: 15/19 MP: 3/10
   519 | D:1      | Learned a level 3 spell: Conjure Flame
   868 | D:2      | Found a hazy altar of Hepliaklqana.
  1121 | D:2      | Found a blossoming altar of Fedhas.
  1478 | D:2      | Found a snail-covered altar of Cheibriados.
  1528 | D:2      | Reached XP level 4. HP: 24/24 MP: 8/11
  1771 | D:3      | Found a white marble altar of Elyvilon.
  1809 | D:2      | Reached skill level 4 in Spellcasting
  2111 | D:3      | Noticed Sigmund
  2258 | D:3      | Found a faded altar of an unknown god.
  2540 | D:3      | Reached XP level 5. HP: 27/28 MP: 9/13
  2713 | D:3      | Reached skill level 5 in Fire Magic
  3068 | D:3      | Found a transporter.
  3070 | D:3      | Noticed Grinder
  3159 | D:3      | Found a transporter.
  3237 | D:3      | Reached skill level 5 in Spellcasting
  3774 | D:4      | Noticed an ogre
  4164 | D:3      | Killed Sigmund
  4164 | D:3      | Reached XP level 6. HP: 22/32 MP: 1/16
  4296 | D:3      | Paralysed by Grinder for 6 turns
  4309 | D:3      | Killed Grinder
  4309 | D:3      | Reached skill level 6 in Spellcasting
  4309 | D:3      | Reached XP level 7. HP: 23/36 MP: 7/18
  5596 | D:4      | Reached skill level 7 in Spellcasting
  5682 | D:4      | Found Loescheho's Assorted Antiques.
  5718 | D:4      | Found a staircase to the Ecumenical Temple.
  5728 | Temple   | Entered the Ecumenical Temple
  5739 | Temple   | Became a worshipper of Vehumet
  5844 | D:4      | Reached XP level 8. HP: 41/41 MP: 13/21
  6381 | D:5      | Entered Level 5 of the Dungeon
  6466 | D:5      | Learned a level 5 spell: Fireball
  6494 | D:5      | Noticed Qrupt's ghost (novice OpVM)
  6736 | D:5      | Reached skill level 8 in Spellcasting
  6736 | D:5      | Reached skill level 5 in Conjurations
  7203 | D:5      | Noticed a hippogriff
  7215 | D:5      | Killed a hippogriff
  7215 | D:5      | Reached * piety under Vehumet
  7215 | D:5      | Offered knowledge of Freeze by Vehumet.
  7215 | D:5      | Reached skill level 9 in Spellcasting
  7218 | D:5      | Learned a level 1 spell: Freeze
  7389 | D:5      | Found a hide-covered altar of Uskayaw.
  7487 | D:5      | Killed Qrupt's ghost
  7487 | D:5      | Reached skill level 5 in Dodging
  7487 | D:5      | Reached XP level 9. HP: 38/46 MP: 12/24
  7983 | D:6      | Found a glowing golden altar of the Shining One.
  7995 | D:6      | Reached skill level 10 in Spellcasting
  8835 | D:6      | Reached skill level 11 in Spellcasting
  9022 | D:6      | Found a burning altar of Makhleb.
  9022 | D:6      | Found a shimmering altar of Xom.
  9027 | D:6      | Found an opulent altar of Gozag.
  9029 | D:6      | Found a stormy altar of Qazlal.
  9030 | D:6      | Found a bloodstained altar of Trog.
  9274 | D:6      | Found an ornate altar of the Wu Jian Council.
  9423 | D:7      | Reached XP level 10. HP: 51/51 MP: 13/27
  9424 | D:7      | Reached skill level 1 in Fighting
  9429 | D:7      | Offered knowledge of Sting by Vehumet.
  9431 | D:7      | Reached ** piety under Vehumet
  9630 | D:7      | Reached skill level 12 in Spellcasting
  9882 | D:7      | Noticed Duvessa
  9882 | D:7      | Noticed Dowan
  9921 | D:7      | Killed Duvessa
 10431 | D:7      | Found an iron altar of Okawaru.
 10515 | D:7      | Offered knowledge of Throw Frost by Vehumet.
 10521 | D:7      | Learned a level 2 spell: Throw Frost
 10673 | D:7      | Killed Dowan
 11562 | D:8      | Reached *** piety under Vehumet
 11721 | D:8      | Noticed a two-headed ogre
 11734 | D:8      | Killed a two-headed ogre
 11734 | D:8      | Reached skill level 5 in Stealth
 11734 | D:8      | Reached skill level 13 in Spellcasting
 11734 | D:8      | Reached skill level 10 in Fire Magic
 11734 | D:8      | Reached skill level 1 in Ice Magic
 11741 | D:8      | Offered knowledge of Static Discharge by Vehumet.
 12610 | D:9      | Found a staircase to the Orcish Mines.
 12773 | D:9      | Reached XP level 11. HP: 56/56 MP: 17/30
 12987 | D:9      | Noticed a two-headed ogre
 13012 | D:9      | Killed a two-headed ogre
 13332 | D:9      | Reached **** piety under Vehumet
 14058 | D:9      | Offered knowledge of Irradiate by Vehumet.
 14299 | D:9      | Reached skill level 14 in Spellcasting
 14533 | D:9      | Found a staircase to the Lair.
 15092 | Lair:1   | Entered Level 1 of the Lair of Beasts
 15218 | Lair:1   | Noticed an oklob plant
 15650 | Lair:1   | Killed an oklob plant
 15650 | Lair:1   | Reached skill level 10 in Conjurations
 16082 | Lair:1   | Noticed a five-headed hydra
 16095 | Lair:1   | Killed a five-headed hydra
 16587 | Lair:1   | Noticed Prince Ribbit
 16593 | Lair:1   | Killed Prince Ribbit
 16603 | Lair:1   | Slain by a blink frog

Vault maps used:
D:1:      tarquinn_simple_flora_water_d, hex_tiny, minivault_27,
          minmay_misc_feat_tower
D:2:      lemuel_coloured_pillars_altar, lemuel_round_altar, fedhas_altar_4
D:3:      gammafunk_steamed_eel, nicolae_overflow_crystal_walls,
          chequers_ecumenical_altar_simple_redux, uniq_grinder, uniq_sigmund
D:4:      temple_hall, serial_shops, nicolae_shop_window_shopping,
          kennysheep_another_room
D:5:      cheibrodos_barr_body, lemuel_round_altar, first_bread
D:6:      kennysheep_little_box, kennysheep_mini,
          chequers_temple_overflow_minitemple
D:7:      okawaru_altar_gauntlet_db, minmay_misc_feat_more_columns, uniq_duvessa
D:8:      blue_anna_alchemist
D:9:      david_lair_shrubbed, orc_0_dummy
Temple:   chequers_temple_sunken
Lair:1:   minmay_lair_oklob_bushes, uniq_prince_ribbit2

Skill      XL: |  1  2  3  4  5  6  7  8  9 10 11 |
---------------+----------------------------------+-----
Fire Magic     | 4 5 6 7 9 10 11 | 11.7
Spellcasting   | 4 5 6 7 9 11 13 14 | 14.8
Conjurations   | 2 3 4 6 7 8 10 | 10.6
Stealth        | 3 4 5 |  5.2
Dodging        | 3 5 |  5.8
Fighting       | 1 |  1.4
Ice Magic      | 1 |  1.3

Action                   |  1- 3 |  4- 6 |  7- 9 | 10-12 || total
-------------------------+-------+-------+-------+-------++-------
Melee: Whip              |       |     1 |       |       ||     1
 Cast: Flame Tongue      |    60 |   106 |   218 |   472 ||   856
       Throw Flame       |       |    23 |    28 |    29 ||    80
       Conjure Flame     |       |     5 |     9 |    28 ||    42
       Fireball          |       |       |     8 |    24 ||    32
       Freeze            |       |       |     3 |     9 ||    12
       Throw Frost       |       |       |       |     2 ||     2
  Use: Scroll            |       |     3 |     1 |     4 ||     8
       Potion            |       |     1 |       |       ||     1
  Eat: Chunk             |     1 |     9 |     6 |    19 ||    35
       Meat ration       |       |       |     1 |       ||     1
       Bread ration      |       |       |     1 |       ||     1
       Royal jelly       |       |       |     1 |     1 ||     2
       Fruit             |       |       |       |     2 ||     2
Armor: Robe              |     2 |     7 |    10 |    17 ||    36
Dodge: Dodged            |     9 |    30 |    62 |    97 ||   198
